AoeStats
← 150490644@

Arabia

508198127Analyzed
1v1 RM · 11d ago on Sep 21, 2026· 28m 20s· 2 players
Game mode
Random Map
Map size
Tiny (2 player)
Population
200
Speed
Normal
Resources
Standard
Victory
Conquest
Starting age
Dark Age
Ending age
Imperial Age
RankedLock teamsTeams togetherTeam positionsShared explorationLock speedFull tech treeHidden civsTurbo modeCheats
Victory
Defeat
🇮🇹 Franks · Italy
935
+17
🇨🇱 Chinese · Chile
953
-17
150490644@
3:15 Loom
4:40 Loom
6:51 Loom
9:45 Feudal Age
10:24 Double-Bit Axe
21:56 Castle Age
20:29 Gold Mining
21:47 Wheelbarrow
21:51 Scale Barding Armor
21:56 Forging
23:24 Gold Shaft Mining
23:02 Bow Saw
27:13 Hand Cart
daniel.camilla1993
0:26 Loom
10:15 Feudal Age
19:32 Castle Age
18:02 Gold Mining
18:54 Double-Bit Axe
19:40 Fletching
21:00 Bow Saw
20:48 Bodkin Arrow
20:57 Padded Archer Armor
20:22 Crossbowman
22:49 Pikeman
Connection lost

Rejoining the realm…

Still unreachable

The connection could not be restored.

Session expired

The server has moved on; the page needs a fresh start.